 Dungeon Crawl Stone Soup version 0.30-a0-141-g30f27751c5 (webtiles) character file.

Game seed: 9468389559800285061

639 qw the Chopper (level 7, 0/44 HPs)
             Began as a Gargoyle Fighter on Sept 25, 2022.
             Splashed by a jelly's acid (10 damage)
             ... on level 5 of the Dungeon.
             The game lasted 00:01:41 (5319 turns).

qw the Chopper (Gargoyle Fighter)                   Turns: 5319, Time: 00:01:41

Health: 0/44       AC: 13    Str: 21    XL:     7   Next: 51%
Magic:  7/7        EV:  7    Int:  9    God:
Gold:   240        SH:  4    Dex:  9    Spells: 6/6 levels left

rFire   . . .      SeeInvis +    Y - +0 war axe
rCold   + . .      Faith    .    c - +0 buckler
rNeg    + . .      Spirit   .    t - +2 chain mail {rC+}
rPois   inf        Reflect  .    p - +0 helmet
rElec   +          Harm     .    (no cloak)
rCorr   .          Rampage  .    (no gloves)
Will    +....                    (no boots)
Stlth   ..........               (no amulet)
HPRegen 0.14/turn                i - ring of see invisible
MPRegen 0.10/turn                q - ring of willpower

@: corroded
A: sickness immunity, AC +4, negative energy resistance 1, electricity
resistance, torment resistance 1, petrification resistance
a: no special abilities


You were on level 5 of the Dungeon.
You visited 2 branches of the dungeon, and saw 6 of its levels.

You collected 240 gold pieces.


Innate Abilities, Weirdness & Mutations

You are immune to sickness and miasma.
Your stone body is resilient. (AC +4)
You are immune to poison.
You resist negative energy. (rN+)
You are resistant to electric shocks. (rElec)
You are resistant to unholy torment.
You are immune to petrification.


   Skills:
 - Level 4.8 Fighting
 + Level 6.3 Axes
 - Level 3.2 Armour
 - Level 2.0 Dodging
 - Level 3.2 Shields


You had 6 spell levels left.
You didn't know any spells.
Your spell library was empty.

Inventory:

Hand Weapons
 u - a +0 flail
 Y - a +0 war axe (weapon)
Armour
 c - a +0 buckler (worn)
 p - a +0 helmet (worn)
 t - a +2 chain mail of cold resistance (worn)
Jewellery
 i - a ring of see invisible (left hand)
 q - a ring of willpower (right hand)
Scrolls
 g - a scroll of identify
 s - a scroll of teleportation
Potions
 a - 2 potions of attraction
 b - a potion of lignification
 d - 2 potions of might
 e - a potion of resistance
 h - 2 potions of curing
 j - a potion of cancellation
 k - a potion of haste
 l - a potion of magic {unknown}
 m - a potion of invisibility {unknown}

Dungeon Overview and Level Annotations

Branches:
Dungeon (5/15)             Temple (1/1) D:5

Altars:
Ashenzari
Cheibriados
Dithmenos
Elyvilon
Fedhas
Gozag
Hepliaklqana
Kikubaaqudgha
Makhleb
Nemelex Xobeh
Qazlal
Ru
Trog
Vehumet
Wu Jian
Xom
Yredelemnul
Zin
The Shining One

Shops:
D:4 :


Message History

A jelly comes into view.
Menkaure mumbles some strange words.
Menkaure seems to speed up.
The jelly quivers.
You slash Menkaure!
Menkaure is heavily damaged.
Menkaure barely misses you. You block Menkaure's attack.
You hit Menkaure.
Menkaure is heavily damaged.
Menkaure barely misses you.
You hit Menkaure but do no damage.
Menkaure is heavily damaged.
Menkaure barely misses you.
You slash Menkaure!
Menkaure is almost destroyed.
You block Menkaure's attack. Menkaure hits you!
You closely miss Menkaure.
Menkaure is almost destroyed.
Menkaure barely misses you.
You hit Menkaure.
You destroy Menkaure!
You hit the jelly. The acid corrodes you!
Your hands burn!
The jelly hits you.
You are splashed with acid!
You block the jelly's attack.
Your Dodging skill gained 2 levels and is now at level 2!
You slash the jelly!
Your hands burn!
The jelly is severely wounded.
The jelly barely misses you.
You hit the jelly but do no damage.
Your hands burn!
The jelly is severely wounded.
The jelly hits you but does no damage.
You barely miss the jelly.
The jelly is severely wounded.
You block the jelly's attack.
You hit the jelly.
Your hands burn!
The jelly is severely wounded.
The jelly barely misses you.
You hit the jelly but do no damage.
Your hands burn!
The jelly is severely wounded.
The jelly hits you.
You are splashed with acid!
You die...

##....O..#...#
##+..#.###..#
#.##..# #..#
#.##...# ...#
..##!...##.#.#
##.
##.>..#...# #
##.....#..#
#..#...##....#
#...@## #..##
......J..# #.#
#####..#...
..# #.. .....
.# #.# ####...
#. .# ## #. #
#. #. #) #.


You could see a jelly.

Vanquished Creatures
  Menkaure (D:5)
  A centaur (D:5)
  An ogre (D:5)
  A scorpion (D:5)
  A howler monkey (D:4)
  A hound (D:5)
  A jelly (D:5)
  An iguana (D:5)
  3 gnolls (D:5)
  4 adders
  A white imp (D:4)
  An ufetubus (D:4)
  3 worms
  2 orcs (D:4)
  6 endoplasms
  A giant cockroach (D:1)
  6 goblins
  11 hobgoblins
  3 jackals (D:3)
  3 quokkas
  7 ball pythons
  3 bats
  A frilled lizard (D:2)
  7 kobolds
  11 rats
81 creatures vanquished.

Notes
Turn   | Place    | Note
-------+----------+-------------------------------------------
     0 | D:1      | qw the Gargoyle Fighter began the quest for the Orb.
     0 | D:1      | Reached XP level 1. HP: 14/14 MP: 1/1
     0 | D:1      | 0 ||| qw: Version: 0.2-a-10-g399e6c4
     0 | D:1      | 0 ||| qw: Game counter: 115
     0 | D:1      | 0 ||| qw: Always use a shield: true
     0 | D:1      | 0 ||| qw: God list: Okawaru
     0 | D:1      | 0 ||| qw: Allow faded altars: false
     0 | D:1      | 0 ||| qw: Do Orc after D:15 true
     0 | D:1      | 0 ||| qw: Do second Lair branch before Depths: true
     0 | D:1      | 0 ||| qw: Lair rune preference: random
     0 | D:1      | 0 ||| qw: Plans: Normal, Zot:1-4, God:TSO, Crypt, Tomb,
                  | Pan, Slime:5, Hells, Abyss, Orb
     0 | D:1      | 0 ||| PLANNING D:1-11
    94 | D:1      | Reached skill level 2 in Axes
   243 | D:1      | Reached XP level 2. HP: 19/19 MP: 2/2
   880 | D:1      | 880 ||| DROPPING +0 club.
   881 | D:1      | 881 ||| READING scroll labelled LENLASO UHIO.
   882 | D:1      | 882 ||| READING scroll labelled VAZOSMEMMEPN.
   883 | D:1      | 883 ||| READING 2 scrolls labelled ONYMIL NECA.
   884 | D:1      | 884 ||| READING scroll labelled HUDAENE JAONI.
   889 | D:1      | 889 ||| READING scroll labelled PEMOTY AVVAOL.
   906 | D:2      | 906 ||| STAIRDANCE
   924 | D:2      | Reached skill level 3 in Axes
   924 | D:2      | Reached XP level 3. HP: 13/23 MP: 3/3
   924 | D:2      | 924 ||| STAIRDANCE
  1163 | D:2      | 1163 ||| Stepping ~*~*~tactically~*~*~ (stealth).
  1350 | D:2      | Found a faded altar of an unknown god.
  1509 | D:2      | Reached XP level 4. HP: 28/28 MP: 4/4
  1512 | D:2      | 1512 ||| Stepping ~*~*~tactically~*~*~ (stealth).
  1637 | D:2      | 1637 ||| Stepping ~*~*~tactically~*~*~ (stealth).
  1980 | D:2      | 1980 ||| Stepping ~*~*~tactically~*~*~ (stealth).
  1982 | D:2      | 1982 ||| Stepping ~*~*~tactically~*~*~ (stealth).
  2068 | D:2      | 2068 ||| UPGRADING to +0 chain mail.
  2078 | D:2      | 2078 ||| DROPPING +0 scale mail.
  2079 | D:2      | 2079 ||| UPGRADING to ring of see invisible.
  2080 | D:2      | 2080 ||| DRINKING 2 fizzy cyan potions.
  2081 | D:2      | 2081 ||| READING 4 scrolls of identify.
  2081 | D:2      | 2081 ||| IDENTIFYING fizzy red potion
  2082 | D:2      | 2082 ||| READING 3 scrolls of identify.
  2082 | D:2      | 2082 ||| IDENTIFYING grey potion
  2083 | D:2      | 2083 ||| READING 2 scrolls of identify.
  2083 | D:2      | 2083 ||| IDENTIFYING black potion
  2105 | D:3      | 2105 ||| STAIRDANCE
  2123 | D:3      | Reached skill level 4 in Axes
  2969 | D:3      | 2969 ||| UPGRADING to +0 helmet.
  2974 | D:3      | 2974 ||| UPGRADING to ring of willpower.
  3005 | D:4      | Reached XP level 5. HP: 25/32 MP: 5/5
  3077 | D:4      | Found an ornate altar of the Wu Jian Council.
  3115 | D:4      | 3115 ||| FLEEEEING.
  3116 | D:4      | 3116 ||| FLEEEEING.
  3117 | D:4      | 3117 ||| FLEEEEING.
  3118 | D:4      | 3118 ||| FLEEEEING.
  3119 | D:4      | 3119 ||| FLEEEEING.
  3120 | D:4      | 3120 ||| FLEEEEING.
  3121 | D:4      | 3121 ||| FLEEEEING.
  3292 | D:4      | HP: 5/32 [white imp/puff of frost (6)]
  3293 | D:4      | 3293 ||| READING scroll of teleportation.
  3295 | D:4      | Reached skill level 5 in Axes
  3675 | D:4      | 3675 ||| Stepping ~*~*~tactically~*~*~ (stealth).
  3802 | D:4      | Found Tal Bohi's Self-Improvement Boutique.
  3931 | D:4      | Found an opulent altar of Gozag.
  3945 | D:4      | Identified the +10 dagger "Heoxit" {vorpal, rPois}
  4174 | D:4      | 4174 ||| READING scroll labelled REOSME MUOLA.
  4175 | D:4      | 4175 ||| DRINKING 2 murky green potions.
  4221 | D:5      | Entered Level 5 of the Dungeon
  4460 | D:5      | Noticed an ogre
  4467 | D:5      | Killed an ogre
  4468 | D:5      | Reached XP level 6. HP: 21/40 MP: 6/6
  4766 | D:5      | Found a stormy altar of Qazlal.
  4772 | D:5      | Found a shimmering altar of Xom.
  5142 | D:5      | Found a staircase to the Ecumenical Temple.
  5143 | D:5      | 5143 ||| PLANNING TEMPLE
  5156 | D:5      | Reached skill level 6 in Axes
  5156 | D:5      | Reached XP level 7. HP: 36/44 MP: 7/7
  5209 | D:5      | 5209 ||| DROPPING +0 mace.
  5210 | D:5      | 5210 ||| UPGRADING to +2 chain mail of cold resistance.
  5220 | D:5      | 5220 ||| DROPPING +0 chain mail.
  5221 | D:5      | 5221 ||| READING scroll labelled YSEFAPS EMMEV.
  5222 | D:5      | 5222 ||| READING scroll labelled VOAXUIFISE.
  5223 | D:5      | 5223 ||| READING 2 scrolls of identify.
  5223 | D:5      | 5223 ||| IDENTIFYING fizzy yellow potion
  5232 | Temple   | Entered the Ecumenical Temple
  5283 | Temple   | 5283 ||| PLANNING D:1-11
  5305 | D:5      | Noticed Menkaure
  5314 | D:5      | Killed Menkaure
  5319 | D:5      | HP: 10/44 [jelly (2)]
  5319 | D:5      | Splashed by a jelly's acid

Levels and vault maps discovered:
D:1:      dpeg_arrival_morbid_curiosity, layout_basic, kennysheep_boxes
D:2:      layout_basic, hellmonk_ecumenical_altar_heavens_door,
          minmay_tiny_reverse_x
D:3:      layout_loops_ring
D:4:      layout_basic, mainiacjoe_overflow_tiny_flanked,
          mainiacjoe_overflow_cross_hatched, nicolae_shop_self_help
D:5:      minmay_chambers_of_fours, layout_loops_corners,
          mainiacjoe_overflow_large_starburst, minmay_temple_entry_wispy,
          uniq_menkaure
Temple:   eino_wide_crystal_templ

Skill      XL: |  1  2  3  4  5  6  7 |
---------------+----------------------+-----
Axes           | 2 3 4 5 6 |  6.3
Fighting       | 4 |  4.8
Dodging        | 2 |  2.0
Armour         | |  3.2
Shields        | |  3.2

Action                   |  1- 3 |  4- 6 |  7- 9 || total
-------------------------+-------+-------+-------++-------
Melee: War axe           |    91 |   192 |    11 ||   294
  Use: Scroll            |     5 |     5 |     3 ||    13
       Potion            |       |     2 |       ||     2
Armor: Scale mail        |    40 |    19 |       ||    59
       Chain mail        |       |   109 |     1 ||   110
Dodge: Dodged            |    41 |    76 |     6 ||   123
Block: Buckler           |    13 |    31 |     4 ||    48

Table legend:
 A = Non-vault XP
 B = Vault XP
 C = Vault XP percentage of total XP
 D = Non-vault monster count
 E = Vault monster count
 F = Vault count percentage of total count
                 A         B        C        D         E       F
            +---------+---------+-------+---------+---------+-------
      Total |     716 |     198 |  21.7 |      75 |       6 |   7.4
            +---------+---------+-------+---------+---------+-------
        D:1 |      20 |       5 |  20.0 |      14 |       3 |  17.6
        D:2 |      59 |      10 |  14.5 |      23 |       2 |   8.0
        D:3 |      66 |       0 |   0.0 |      22 |       0 |   0.0
        D:4 |      84 |       0 |   0.0 |       7 |       0 |   0.0
        D:5 |     487 |     183 |  27.3 |       9 |       1 |  10.0
            +---------+---------+-------+---------+---------+-------
